[Event "Titled Tuesday Blitz December 20 Early 2022"]
[White "Manish Anto Cristiano F"]
[Black "Kucherov, Konstantin"]
[WhiteFideId "25095927"]
[BlackFideId "34136280"]
[WhiteElo "2485"]
[BlackElo "1983"]
[Result "1/2-1/2"]
[Round "03"]
[TimeControl "180+2"]
[Date "2022.12.20"]
[WhiteClock "0:01:13"]
[BlackClock "0:00:10"]

1. d4 Nf6 2. c4 d6 3. Nc3 c6 4. e4 Nbd7 5. Nf3 e5 6. Be2 Be7 7. h3 a6 8. Be3 b5 9. a3 O-O 10. O-O Bb7 11. Rc1 Rc8 12. b4 bxc4 13. dxe5 dxe5 14. Bxc4 Qc7 15. Qe2 Ra8 16. Nd2 Nb6 17. Bb3 a5 18. b5 c5 19. f3 a4 20. Ba2 Rfd8 21. Rfd1 Nh5 22. Nc4 Nf4 23. Qf2 Nd3 24. Rxd3 Rxd3 25. Nxb6 Qxb6 26. Nd5 Bxd5 27. Bxd5 Rc8 28. Bc6 Rxa3 29. Bxc5 Bxc5 30. Qxc5 Qxc5+ 31. Rxc5 Rb3 32. Rxe5 g6 33. Re7 Rd8 34. Ra7 a3 35. Kh2 Rd2 36. Kg3 a2 37. Bd5 Rbb2 38. Bxf7+ Kf8 39. Kf4 Rxg2 40. Ke5 Rxb5+ 41. Kf6 Rb6+ 42. Be6 Rxe6+ 43. Kxe6 Rf2 44. e5 Rxf3 45. Rxa2 Rxh3 46. Kf6 Rf3+ 47. Ke6 Kg7 48. Kd7 Rd3+ 49. Ke7 g5 50. e6 h5 51. Rf2 g4 52. Rf7+ Kg6 53. Kf8 Rd8+ 54. Ke7 Ra8 55. Rf8 Ra7+ 56. Kd6 Ra6+ 57. Ke5 Ra5+ 58. Kf4 Ra7 59. Ke5 Kg5 60. Rg8+ Kh4 61. Kf6 Kh3 62. e7 Rxe7 63. Kxe7 h4 64. Kf6 g3 65. Kg5 g2 66. Kf4 Kh2 67. Kf3 g1=Q 68. Rxg1 Kxg1 69. Kg4 Kg2 70. Kxh4 1/2-1/2


[Site "https://www.chess.com"]

[Event "Titled Tuesday Blitz December 20 Early 2022"]
[White "Manukyan_Artak"]
[Black "Baskaran, Darza"]
[BlackFideId "29951232"]
[WhiteElo "2560"]
[BlackElo "2318"]
[Result "1-0"]
[Round "03"]
[TimeControl "180+2"]
[Date "2022.12.20"]
[WhiteClock "0:00:27"]
[BlackClock "0:00:14"]

1. e4 c5 2. Nf3 Nc6 3. c3 d5 4. exd5 Qxd5 5. d4 Bg4 6. Be2 cxd4 7. cxd4 e6 8. h3 Bh5 9. Nc3 Bb4 10. O-O Bxc3 11. bxc3 Nge7 12. Rb1 Qd7 13. g4 Bg6 14. Bb5 a6 15. Ne5 Qc7 16. Ba4 b5 17. Nxc6 Bxb1 18. Nxe7 Qxe7 19. Bb3 Bg6 20. f4 Be4 21. Re1 f5 22. gxf5 exf5 23. Bd5 Rd8 24. Bc6+ Kf7 25. Bxe4 fxe4 26. f5 h6 27. Qb3+ Kf6 28. Bf4 Kxf5 29. Be5 Kg6 30. Qc2 Qh4 31. Rxe4 Qxh3 32. Re3+ Qf5 33. Rg3+ Kf7 34. Qxf5+ 1-0


[Site "https://www.chess.com"]

[Event "Titled Tuesday Blitz December 20 Early 2022"]
[White "Marenco Fernandez, Oscar"]
[Black "Bilandani, Vansh"]
[WhiteFideId "6503080"]
[BlackFideId "8511292"]
[WhiteElo "1885"]
[BlackElo "2488"]
[Result "1/2-1/2"]
[Round "03"]
[TimeControl "180+2"]
[Date "2022.12.20"]
[WhiteClock "0:00:15"]
[BlackClock "0:00:20"]

1. e4 c6 2. d4 d5 3. exd5 cxd5 4. c4 Nf6 5. Nc3 Nc6 6. Bg5 e6 7. Nf3 Be7 8. c5 Ne4 9. Bxe7 Qxe7 10. Bb5 Bd7 11. O-O O-O 12. Re1 Nxc3 13. bxc3 b6 14. c4 Na5 15. Bxd7 Qxd7 16. Ne5 Qb7 17. cxd5 Qxd5 18. Qa4 Rfd8 19. Rad1 Rac8 20. h4 h6 21. h5 Nc6 22. Nxc6 Rxc6 23. Re5 Qd7 24. cxb6 Rxb6 25. Qc2 Rd6 26. Re4 Rd5 27. Qe2 Qb5 28. Qxb5 Rxb5 29. Rd2 Rxh5 30. f3 Ra5 31. Kf2 Rd7 32. Re3 Ra4 33. Red3 g6 34. Ke3 Kg7 35. Rb3 h5 36. Rb5 Kf6 37. Rc5 Ra3+ 38. Ke4 Ra4 39. Ke3 Ra3+ 40. Ke4 Ra4 41. Ke3 1/2-1/2


[Site "https://www.chess.com"]

[Event "Titled Tuesday Blitz December 20 Early 2022"]
[White "MartinMatthiesen"]
[Black "WizardSA"]
[WhiteElo "2497"]
[BlackElo "2098"]
[Result "1-0"]
[Round "03"]
[TimeControl "180+2"]
[Date "2022.12.20"]
[WhiteClock "0:00:13"]
[BlackClock "0:00:02"]

1. d4 d5 2. c4 e6 3. Nc3 Nf6 4. cxd5 exd5 5. Bg5 Be7 6. e3 c6 7. Bd3 O-O 8. Nge2 Nbd7 9. O-O Re8 10. f3 Nf8 11. Qc2 Be6 12. Rad1 Ng6 13. Kh1 Nh5 14. Bxe7 Qxe7 15. Qd2 Rad8 16. a3 a5 17. Na4 Qc7 18. Rc1 Nf6 19. b4 axb4 20. axb4 Nd7 21. b5 Qd6 22. bxc6 bxc6 23. Nc5 Nxc5 24. dxc5 Qe7 25. Nd4 Bd7 26. Rfe1 Qg5 27. Bf1 Re7 28. Rc3 Rde8 29. g3 Qh6 30. Kg1 Ne5 31. h4 Qg6 32. Kf2 Qf6 33. Kg2 Ng6 34. Kf2 Nxh4 35. gxh4 Qxh4+ 36. Kg1 Re5 37. Re2 Rh5 38. Rh2 Qg5+ 39. Qg2 Qh6 40. Rxh5 Qxh5 41. f4 f6 42. Bd3 Qf7 43. Bf5 Qe7 44. Bxd7 Qxd7 45. f5 Qc7 46. Ne6 Qa7 47. Rc1 Re7 48. Rf1 Qa3 49. Rf3 Qc1+ 50. Kh2 Qa1 51. Rg3 Qe5 52. Kh1 Qa1+ 53. Qg1 Qxg1+ 54. Kxg1 h6 55. Kf2 Kf7 56. Rg1 Ke8 57. Rxg7 1-0


[Site "https://www.chess.com"]

[Event "Titled Tuesday Blitz December 20 Early 2022"]
[White "Martinez Ramirez, Lennis"]
[Black "LileKoridze"]
[WhiteFideId "3509079"]
[WhiteElo "2426"]
[BlackElo "2345"]
[Result "1-0"]
[Round "03"]
[TimeControl "180+2"]
[Date "2022.12.20"]
[WhiteClock "0:00:56"]
[BlackClock "0:00:50"]

1. d4 Nf6 2. c4 e6 3. Nf3 d5 4. g3 Bb4+ 5. Bd2 Be7 6. Bg2 O-O 7. Qc2 c6 8. O-O b6 9. Rd1 Bb7 10. Bf4 Nbd7 11. Nc3 Rc8 12. e4 dxe4 13. Nxe4 Nxe4 14. Qxe4 Nf6 15. Qe2 Qe8 16. Re1 Bb4 17. Nd2 Qd7 18. a3 Be7 19. Rad1 h6 20. Nf3 Rfd8 21. h4 Qe8 22. Ne5 Ba6 23. b4 Nd5 24. Bxh6 gxh6 25. Qg4+ Kh8 26. cxd5 cxd5 27. Qh5 Kg7 28. Ng4 Qh8 29. Ne5 Rf8 30. Bh3 Qh7 31. Bxe6 fxe6 32. Qg4+ Kh8 33. Ng6+ 1-0


[Site "https://www.chess.com"]

[Event "Titled Tuesday Blitz December 20 Early 2022"]
[White "MatthewG-p4p"]
[Black "Mikusinski, Bartosz"]
[BlackFideId "1111256"]
[WhiteElo "2825"]
[BlackElo "2090"]
[Result "1/2-1/2"]
[Round "03"]
[TimeControl "180+2"]
[Date "2022.12.20"]
[WhiteClock "0:00:13"]
[BlackClock "0:00:14"]

1. f4 d5 2. Nf3 c5 3. g3 Nf6 4. Bg2 g6 5. O-O Bg7 6. d3 O-O 7. Ne5 Nc6 8. Nxc6 bxc6 9. e4 dxe4 10. dxe4 Bg4 11. Qe1 Qd7 12. e5 Nd5 13. Nc3 Rab8 14. Ne4 c4 15. c3 Rfd8 16. Qf2 a5 17. Re1 a4 18. a3 Rb5 19. Nd2 Nb6 20. Nf1 h5 21. Ne3 Bh3 22. Bf3 Qc8 23. Nc2 c5 24. Ne3 Be6 25. Be2 Qc6 26. Qf1 Qe4 27. Bf3 Qd3 28. Qg2 Nd5 29. Rd1 Nxe3 30. Rxd3 Rxd3 31. Bxe3 Rxe3 32. Rd1 Rd3 33. Re1 Rd8 34. Bc6 Rb6 35. Bxa4 Bd5 36. Qf2 e6 37. Rd1 Rdb8 38. Rd2 Bf8 39. Bd1 Be7 40. f5 gxf5 41. Bxh5 Bg5 42. Rxd5 exd5 43. Qxf5 Be3+ 44. Kf1 R8b7 45. Kg2 Kf8 46. e6 Rxe6 47. Qxd5 Rbe7 48. Qxc4 Bc1 49. Qb5 Kg7 50. Bf3 Rf6 51. Bd5 Re5 52. c4 Re2+ 53. Kh3 Rh6+ 54. Kg4 Rexh2 55. Qxc5 Bxb2 56. Qe3 Bf6 57. Qd3 Rg6+ 58. Kf4 Rf2+ 59. Bf3 Bg5+ 60. Kg4 Bd2+ 61. Kh3 Rh6+ 62. Kg4 Rg6+ 63. Kh4 Bg5+ 64. Kh3 Bf6 65. Bh5 Rh6 66. Kg4 Rh2 67. c5 R2xh5 68. Qc2 Rg5+ 69. Kf3 Rhh5 70. c6 Rc5 71. Qe4 Rhe5 72. Qg4+ Rg5 73. Qd7 Rc3+ 74. Ke2 Rgxg3 75. c7 Rge3+ 76. Kd2 Bg5 77. c8=Q Red3+ 78. Ke2 Re3+ 79. Kf2 Rf3+ 80. Kg2 Rg3+ 81. Kh2 Bf4 82. Qxc3+ Rxc3+ 83. Kg2 Rg3+ 84. Kf2 Rg6 85. Qd4+ Rf6 86. Ke2 Bd6 87. a4 Kg6 88. Qg4+ Kh7 89. a5 Re6+ 90. Kd3 Be5 91. Qf5+ Kg7 92. Qg4+ Kf6 93. Qc4 Rd6+ 94. Ke2 Re6 95. Kf3 Rd6 96. a6 Bd4 97. Qb5 Bb6 98. Qb2+ Ke7 99. Qb4 Kd7 100. a7 Rf6+ 101. Kg2 Rg6+ 102. Kh3 Bxa7 103. Qb7+ Ke6 104. Qxa7 Kf6 105. Qd4+ Ke7 106. Qe5+ Kf8 107. Kh4 Kg8 108. Kh5 Kf8 109. Qe4 Kg7 110. Qe7 Kg8 111. Qe5 Kf8 112. Qh8+ Ke7 113. Qc8 Kf6 114. Qc6+ Kg7 115. Qc3+ Kh7 116. Qe5 Kg8 117. Qe7 Kg7 118. Qe8 Kf6 119. Qh8+ Ke7 120. Qd4 Kf8 121. Qd8+ Kg7 122. Qd4+ Kg8 123. Kh4 Kh7 124. Kh3 Kg8 125. Kh2 Kh7 126. Qd8 Kg7 127. Qe8 Kf6 128. Qh8+ Ke7 129. Qa8 Kf6 130. Qa1+ Ke7 131. Qe5+ Kf8 132. Qh5 Kg7 133. Qe5+ Kf8 134. Qc3 Kg8 135. Qc8+ Kg7 136. Qc3+ Kg8 137. Qd4 Kf8 138. Qe5 Kg8 139. Qe4 Kg7 140. Qd3 Kf8 141. Qc3 Kg8 1/2-1/2


[Site "https://www.chess.com"]

[Event "Titled Tuesday Blitz December 20 Early 2022"]
[White "Midgardsormur"]
[Black "TigrVShlyape"]
[WhiteElo "2460"]
[BlackElo "2914"]
[Result "0-1"]
[Round "03"]
[TimeControl "180+2"]
[Date "2022.12.20"]
[WhiteClock "0:00:02"]
[BlackClock "0:01:17"]

1. e4 g6 2. d4 Bg7 3. Nc3 d6 4. Be3 a6 5. Qd2 b5 6. Bd3 e6 7. O-O-O Nd7 8. Nf3 Bb7 9. Kb1 Ngf6 10. e5 Nd5 11. Bg5 Nxc3+ 12. Qxc3 Qc8 13. Rhe1 Bxf3 14. gxf3 d5 15. h4 h5 16. f4 c5 17. dxc5 Qxc5 18. Qd2 Qc6 19. f5 gxf5 20. f4 Nc5 21. Be2 Kd7 22. Bf3 Kc7 23. Qg2 Rae8 24. Bxd5 exd5 25. Rxd5 f6 26. Red1 fxg5 27. hxg5 Rd8 28. Qf3 Rxd5 29. Rxd5 Rd8 0-1


[Site "https://www.chess.com"]

[Event "Titled Tuesday Blitz December 20 Early 2022"]
[White "Mileo, Miguelito"]
[Black "Ural_bogatyr"]
[WhiteFideId "851108"]
[WhiteElo "1721"]
[BlackElo "2615"]
[Result "0-1"]
[Round "03"]
[TimeControl "180+2"]
[Date "2022.12.20"]
[WhiteClock "0:00:09"]
[BlackClock "0:00:24"]

1. e4 Nf6 2. e5 Nd5 3. d4 d6 4. Nf3 g6 5. c4 Nb6 6. exd6 cxd6 7. h3 Bg7 8. Be2 O-O 9. O-O Nc6 10. Nc3 h5 11. Be3 Bf5 12. Rc1 d5 13. c5 Nc8 14. Qb3 e6 15. Qxb7 N8e7 16. Qa6 Be4 17. Rfd1 f5 18. Ng5 Qd7 19. Ngxe4 dxe4 20. d5 exd5 21. Nxd5 Nxd5 22. Rxd5 Qxd5 23. Bc4 Qxc4 24. Qxc4+ Kh8 25. b4 a6 26. Bf4 Rfd8 27. Bd6 Nd4 28. a4 Rac8 29. Qxa6 Rc6 30. Qf1 Rdxd6 31. cxd6 Rxc1 32. Qxc1 Ne2+ 33. Kf1 Nxc1 34. a5 Nb3 35. a6 Nd2+ 36. Ke2 Nc4 37. a7 Nb6 38. d7 Bf6 39. Ke3 Kg7 40. g4 Kf7 41. gxf5 gxf5 42. f3 exf3 43. Kxf3 Ke6 44. Kf4 Bd8 45. b5 Be7 0-1


[Site "https://www.chess.com"]

[Event "Titled Tuesday Blitz December 20 Early 2022"]
[White "Milos, Gilberto"]
[Black "AsaHoffmann"]
[WhiteFideId "2100029"]
[WhiteElo "2575"]
[BlackElo "2376"]
[Result "1-0"]
[Round "03"]
[TimeControl "180+2"]
[Date "2022.12.20"]
[WhiteClock "0:00:52"]
[BlackClock "0:00:06"]

1. c4 Nf6 2. Nc3 d6 3. d4 c6 4. e4 e5 5. Be2 Qc7 6. Nf3 Bg4 7. O-O Nbd7 8. h3 Bh5 9. Be3 Be7 10. Qd2 a6 11. Rfd1 O-O 12. Rac1 Rfe8 13. d5 c5 14. Ne1 Bg6 15. Bf3 Rab8 16. a4 b6 17. g3 h6 18. Bg2 Nh7 19. f4 f5 20. exf5 Bxf5 21. g4 exf4 22. Bxf4 Bg6 23. Nf3 Bf6 24. Re1 Rxe1+ 25. Rxe1 Re8 26. Rxe8+ Bxe8 27. h4 Ndf8 28. g5 hxg5 29. hxg5 Bxc3 30. Qxc3 Ng6 31. Bg3 Bxa4 32. Qd3 Be8 33. Bh3 Nhf8 34. Nd2 Ne5 35. Bxe5 dxe5 36. d6 Qd8 37. Qd5+ Bf7 38. Qxe5 Ng6 39. Qg3 b5 40. Ne4 bxc4 41. d7 Qe7 42. Qd6 Qxe4 43. d8=Q+ Kh7 44. Bg2 Qe3+ 45. Kh1 Qe1+ 46. Kh2 Qh4+ 47. Kg1 Qe1+ 48. Bf1 Qe3+ 49. Kh1 1-0


[Site "https://www.chess.com"]

[Event "Titled Tuesday Blitz December 20 Early 2022"]
[White "Mischuk, Dmitry"]
[Black "Toh, Terry"]
[WhiteFideId "14118734"]
[BlackFideId "5800323"]
[WhiteElo "2298"]
[BlackElo "2394"]
[Result "1/2-1/2"]
[Round "03"]
[TimeControl "180+2"]
[Date "2022.12.20"]
[WhiteClock "0:01:16"]
[BlackClock "0:02:15"]

1. e4 e5 2. Nf3 Nc6 3. Bb5 a6 4. Ba4 Nf6 5. Bxc6 dxc6 6. d3 Nd7 7. Nbd2 f6 8. Nc4 Bd6 9. Be3 O-O 10. Nxd6 cxd6 11. d4 Qe7 12. O-O b5 13. Re1 Bb7 14. c3 c5 15. dxc5 Nxc5 16. Bxc5 dxc5 17. Qc2 c4 18. Nd2 Rfd8 19. Nf1 Bc8 20. f3 Be6 21. Ne3 Rd3 22. Nf1 Rad8 23. a4 Qc5+ 24. Qf2 Qxf2+ 25. Kxf2 b4 26. Rec1 a5 27. Rc2 Kf7 28. cxb4 axb4 29. a5 Ra8 30. Ne3 c3 31. bxc3 b3 32. Rb2 Rxc3 33. Nd5 Bxd5 34. exd5 Rc2+ 35. Rxc2 bxc2 36. Rc1 Rxa5 37. Rxc2 Rxd5 38. h4 h5 39. Rc7+ Kg6 40. Rc2 1/2-1/2


[Site "https://www.chess.com"]

[Event "Titled Tuesday Blitz December 20 Early 2022"]
[White "Moh, Teng Keong Deon"]
[Black "Andrei_Skvortsov"]
[WhiteFideId "5700868"]
[WhiteElo "2215"]
[BlackElo "2717"]
[Result "0-1"]
[Round "03"]
[TimeControl "180+2"]
[Date "2022.12.20"]
[WhiteClock "0:00:03"]
[BlackClock "0:01:04"]

1. e4 d5 2. exd5 Qxd5 3. Nc3 Qe5+ 4. Be2 Bg4 5. h3 Bxe2 6. Qxe2 Nc6 7. Qxe5 Nxe5 8. d4 Nc6 9. Be3 O-O-O 10. O-O-O e6 11. d5 exd5 12. Rxd5 Bd6 13. Ne4 Be7 14. Rxd8+ Nxd8 15. Nf3 Nf6 16. Nxf6 Bxf6 17. Bd4 Bxd4 18. Nxd4 Re8 19. Kd2 Kd7 20. Re1 Rxe1 21. Kxe1 c5 22. Ne2 Nc6 23. Kd2 Ke6 24. c3 b5 25. Ke3 Ke5 26. b3 f5 27. f4+ Kd5 28. Kd3 c4+ 29. bxc4+ bxc4+ 30. Ke3 Kc5 31. Kd2 g6 32. Ke3 Ne7 33. g3 Nd5+ 34. Kd2 Nf6 35. Ke3 Ne4 36. g4 Nf6 37. gxf5 gxf5 38. Kd2 Kd5 39. Ke3 Ne4 40. Kf3 a6 41. Ke3 Nd6 42. Nd4 Kc5 43. Kd2 Kb6 44. Kc2 Kc7 45. Ne6+ Kc6 46. Nd4+ Kd5 47. Kd2 Ke4 48. Ke2 Kxf4 49. Kf2 Ne4+ 50. Kg2 Nxc3 51. Ne2+ Nxe2 0-1


[Site "https://www.chess.com"]

[Event "Titled Tuesday Blitz December 20 Early 2022"]
[White "Mone, Ved"]
[Black "Devallee, Jeremie"]
[WhiteFideId "25666290"]
[BlackFideId "665240"]
[WhiteElo "1254"]
[BlackElo "2204"]
[Result "1-0"]
[Round "03"]
[TimeControl "180+2"]
[Date "2022.12.20"]
[WhiteClock "0:01:20"]
[BlackClock "0:00:04"]

1. e4 c6 2. d4 d5 3. Nc3 dxe4 4. Nxe4 Nf6 5. Nxf6+ exf6 6. Bc4 Bd6 7. Qe2+ Qe7 8. Qxe7+ Kxe7 9. Ne2 Re8 10. O-O Nd7 11. Re1 Kf8 12. Bf4 Bxf4 13. Nxf4 Rxe1+ 14. Rxe1 Nb6 15. Bd3 Bd7 16. b3 h6 17. Kf1 Rd8 18. c3 Bg4 19. f3 Bc8 20. Ke2 Re8+ 21. Kd2 Rxe1 22. Kxe1 g5 23. Nh5 Ke7 24. Ng3 Nd5 25. Kd2 Nf4 26. Bf1 h5 27. Ne2 Nd5 28. c4 Nb6 29. Nc3 Bf5 30. Bd3 Bxd3 31. Kxd3 f5 32. a4 Nd7 33. b4 f6 34. d5 Kd6 35. Kd4 b6 36. dxc6 Kxc6 37. Nd5 Kd6 38. Ne3 Ke6 39. c5 bxc5+ 40. bxc5 Ne5 41. Nc2 Nc6+ 42. Kc4 Ne5+ 43. Kb5 g4 44. f4 Ng6 45. g3 h4 46. Nd4+ Kd5 47. Nxf5 h3 48. Ne3+ 1-0


[Site "https://www.chess.com"]

[Event "Titled Tuesday Blitz December 20 Early 2022"]
[White "Monticone, Sonia"]
[Black "Oleksandr_Bortnyk"]
[WhiteFideId "836613"]
[WhiteElo "1887"]
[BlackElo "2984"]
[Result "0-1"]
[Round "03"]
[TimeControl "180+2"]
[Date "2022.12.20"]
[WhiteClock "0:00:04"]
[BlackClock "0:00:05"]

1. e4 Nf6 2. e5 Nd5 3. Nc3 Nb6 4. a4 a5 5. d4 d5 6. Bd3 Nc6 7. Nge2 Nb4 8. O-O g6 9. Bf4 Nxd3 10. cxd3 c6 11. Qd2 h6 12. Be3 Bg7 13. Ng3 h5 14. h4 Be6 15. Rae1 Nd7 16. Nce2 Qb6 17. Nf4 Nf8 18. Ne4 dxe4 19. d5 Qb3 20. dxe4 cxd5 21. exd5 Bf5 22. Bd4 e6 23. Re3 Qb4 24. Qd1 Nd7 25. dxe6 fxe6 26. Rg3 Bxe5 27. Nxg6 Bxg6 28. Bxe5 Nxe5 29. Qe2 Qf4 30. Rg5 Bf5 31. Re1 Ng4 32. Qb5+ Kf8 33. Qc5+ Kf7 34. g3 Qxf2+ 35. Qxf2 Nxf2 36. Kxf2 Rac8 37. Re2 Rc4 38. b3 Rc3 39. Rb2 Kf6 40. b4 axb4 41. Rxb4 Rd8 42. Rb2 Bg4 43. Rgb5 Rf3+ 44. Kg2 Ra3 45. R5b4 Rd5 46. Rf4+ Rf5 47. Rfb4 Ra1 48. Kh2 Bf3 49. g4 Bxg4 50. Rxb7 Rxa4 51. R7b4 Rxb4 52. Rxb4 Rf2+ 53. Kg3 Rf3+ 0-1


[Site "https://www.chess.com"]

[Event "Titled Tuesday Blitz December 20 Early 2022"]
[White "Mosti, Alain"]
[Black "deibittowers"]
[WhiteFideId "20606451"]
[WhiteElo "1655"]
[BlackElo "2072"]
[Result "1-0"]
[Round "03"]
[TimeControl "180+2"]
[Date "2022.12.20"]
[WhiteClock "0:01:11"]
[BlackClock "0:00:05"]

1. d4 e5 2. Nf3 e4 3. Nfd2 f5 4. e3 Nf6 5. c4 g6 6. Nc3 Bg7 7. h4 O-O 8. g3 d6 9. Be2 c5 10. d5 Na6 11. a3 Nc7 12. b4 b6 13. b5 a6 14. Qb3 Bd7 15. Bb2 Qe8 16. a4 a5 17. O-O-O h5 18. Rdg1 Kh7 19. Bd1 Qe7 20. Ne2 Be8 21. Nf4 Bf7 22. Nb1 Nd7 23. Nc3 Ne5 24. Be2 Ne8 25. Kb1 Nf6 26. Bd1 Nfg4 27. Bxg4 Nxg4 28. Rg2 Ne5 29. Nce2 Nf3 30. Rd1 Rae8 31. Nh3 Bxb2 32. Qxb2 Ne5 33. Qc3 Nf3 34. Qb2 Qe5 35. Nef4 Qxb2+ 36. Kxb2 Ne5 37. Ng5+ Kh6 38. Rgg1 Nxc4+ 39. Kc3 Ne5 40. Nfe6 Rg8 41. Rd2 Re7 42. Rgd1 Be8 43. Nf4 Bd7 44. Re2 Rge8 45. Nfe6 Nf3 46. Nxf3 exf3 47. Red2 Bxe6 48. dxe6 Rxe6 49. Rxd6 Kg7 50. Kc4 Kf6 51. Rc6 Re7 52. Rd8 Ke5 53. Rb8 f4 54. gxf4+ Kf5 55. Rbxb6 Re4+ 56. Kc3 Rxa4 57. Rxg6 1-0


[Site "https://www.chess.com"]

[Event "Titled Tuesday Blitz December 20 Early 2022"]
[White "MusicCityMaster"]
[Black "JohnWhite1952"]
[WhiteElo "2329"]
[BlackElo "1978"]
[Result "1-0"]
[Round "03"]
[TimeControl "180+2"]
[Date "2022.12.20"]
[WhiteClock "0:01:55"]
[BlackClock "0:00:30"]

1. e4 c5 2. Nf3 e6 3. d3 Nc6 4. g3 d5 5. Nbd2 Nf6 6. Bg2 Be7 7. O-O O-O 8. Re1 b5 9. e5 Nd7 10. Nf1 a5 11. Bf4 Ba6 12. h4 b4 13. a4 bxa3 14. bxa3 c4 15. d4 Rb8 16. h5 Rb2 17. h6 g6 18. N1h2 Qb6 19. Ng4 Rb8 20. Qd2 c3 21. Qxc3 Rc8 22. Bc1 Rb1 23. Rxb1 Qxb1 24. Bg5 Qb7 25. Bxe7 Nxe7 26. Qxa5 Rxc2 27. Qd8+ Nf8 28. Nf6+ Kh8 29. Qxf8+ Ng8 30. Qxg8# 1-0


[Site "https://www.chess.com"]

[Event "Titled Tuesday Blitz December 20 Early 2022"]
[White "Myall, Ivan J"]
[Black "Mestnikov, Aisen"]
[WhiteFideId "425168"]
[BlackFideId "34130117"]
[WhiteElo "1924"]
[BlackElo "2043"]
[Result "0-1"]
[Round "03"]
[TimeControl "180+2"]
[Date "2022.12.20"]
[WhiteClock "0:02:15"]
[BlackClock "0:02:41"]

1. e4 e5 2. Nf3 Nc6 3. d4 exd4 4. Nxd4 Nf6 5. Nxc6 bxc6 6. e5 Qe7 7. Qe2 Nd5 8. c4 Nb6 9. Nc3 g6 10. Qe4 Bg7 11. f4 d6 12. Qxc6+ Bd7 13. Qe4 O-O 14. Be3 dxe5 15. c5 Bf5 16. Qf3 exf4 17. Qxf4 Bxc3+ 18. bxc3 Nd5 0-1


[Site "https://www.chess.com"]

[Event "Titled Tuesday Blitz December 20 Early 2022"]
[White "Mykola-Bortnyk"]
[Black "Ordekalog"]
[WhiteElo "2919"]
[BlackElo "2796"]
[Result "0-1"]
[Round "03"]
[TimeControl "180+2"]
[Date "2022.12.20"]
[WhiteClock "0:00:13"]
[BlackClock "0:00:47"]

1. e4 d5 2. exd5 Nf6 3. Nc3 Nxd5 4. Bc4 c6 5. Qf3 e6 6. Nge2 Be7 7. Qg3 O-O 8. d3 b5 9. Bb3 a5 10. a4 bxa4 11. Nxa4 Na6 12. O-O Bf6 13. Bd2 e5 14. Nec3 Nab4 15. Ne4 Bh4 16. Qf3 Kh8 17. Nec5 f5 18. Rae1 Qd6 19. Qe2 Bf6 20. Bc4 Nxc2 21. Rc1 Nd4 22. Qd1 Rb8 23. Bxa5 Nf4 24. Re1 Bg5 25. Bd2 Bh6 26. b4 Qg6 27. g3 Nh3+ 28. Kf1 f4 29. Ne4 fxg3 30. hxg3 Nxf2 31. Nxf2 Bh3+ 0-1


[Site "https://www.chess.com"]

[Event "Titled Tuesday Blitz December 20 Early 2022"]
[White "Najdoski, Toni"]
[Black "AnaKuchava"]
[WhiteFideId "15001334"]
[WhiteElo "2598"]
[BlackElo "2212"]
[Result "1-0"]
[Round "03"]
[TimeControl "180+2"]
[Date "2022.12.20"]
[WhiteClock "0:01:06"]
[BlackClock "0:00:53"]

1. e4 c5 2. Nc3 Nc6 3. Bb5 Nd4 4. Nf3 Nxb5 5. Nxb5 a6 6. Nc3 b5 7. d4 Bb7 8. dxc5 Rc8 9. Be3 Nf6 10. e5 Ng4 11. Bd4 b4 12. Na4 Qa5 13. b3 e6 14. O-O Bc6 15. Nb6 Rb8 16. Nc4 Qb5 17. Nd6+ Bxd6 18. exd6 Nf6 19. Bxf6 gxf6 20. Qd4 e5 21. Nxe5 O-O 22. Ng4 1-0


[Site "https://www.chess.com"]

[Event "Titled Tuesday Blitz December 20 Early 2022"]
[White "Nakamura, Hikaru"]
[Black "AvitalBor"]
[WhiteFideId "2016192"]
[WhiteElo "2775"]
[BlackElo "2816"]
[Result "1-0"]
[Round "03"]
[TimeControl "180+2"]
[Date "2022.12.20"]
[WhiteClock "0:01:24"]
[BlackClock "0:00:13"]

1. Nf3 c5 2. e4 d6 3. c3 Nf6 4. h3 g6 5. Bd3 Bg7 6. Bc2 e5 7. b4 Nc6 8. a3 O-O 9. O-O Re8 10. d3 cxb4 11. axb4 b5 12. Na3 Rb8 13. Bb3 h6 14. Nc2 d5 15. Qe2 Be6 16. Ba2 Qc7 17. Bb2 Ra8 18. Ne3 dxe4 19. dxe4 Bxa2 20. Rxa2 Qb7 21. Nd2 a5 22. bxa5 Rxa5 23. Rfa1 Rea8 24. Rxa5 Rxa5 25. Rb1 Bf8 26. c4 Qa6 27. Nd5 Nxd5 28. exd5 Nd4 29. Qxe5 Bg7 30. Qe8+ Kh7 31. Bxd4 Bxd4 32. Qxf7+ Bg7 33. cxb5 Rxb5 34. Rxb5 Qxb5 35. Qe6 Qd3 36. Ne4 Qd1+ 37. Kh2 Qd4 38. f4 h5 39. d6 Kh6 40. d7 Qe3 41. d8=Q Qxf4+ 42. g3 1-0


[Site "https://www.chess.com"]

[Event "Titled Tuesday Blitz December 20 Early 2022"]
[White "Nemegejas"]
[Black "Aygehovit1992"]
[WhiteElo "2883"]
[BlackElo "2682"]
[Result "1-0"]
[Round "03"]
[TimeControl "180+2"]
[Date "2022.12.20"]
[WhiteClock "0:01:06"]
[BlackClock "0:00:11"]

1. Nf3 Nf6 2. b3 g6 3. Bb2 Bg7 4. e3 c5 5. c4 b6 6. Nc3 Bb7 7. d4 cxd4 8. Qxd4 Nc6 9. Qd2 O-O 10. Be2 Qb8 11. O-O e6 12. Rfd1 Rd8 13. h3 a6 14. Rac1 Ra7 15. Na4 Ba8 16. Qd6 Qxd6 17. Rxd6 Ne4 18. Rdd1 Bxb2 19. Nxb2 Nb4 20. a3 Na2 21. Rc2 Nac3 22. Rdc1 Nxe2+ 23. Rxe2 d5 24. Rec2 f6 25. b4 e5 26. cxd5 Bxd5 27. Na4 b5 28. Rc8 Rxc8 29. Rxc8+ Kg7 30. Nb6 Bb3 31. Ne1 Nd6 32. Rc3 Nc4 33. Nc8 Rc7 34. Nd6 Rd7 35. Nxb5 Rd1 36. Kf1 axb5 37. Rxb3 Ra1 38. Ke2 Ra2+ 39. Kd1 Rxf2 40. Rc3 Rxg2 41. Nxg2 f5 42. a4 Nb2+ 43. Kc2 Nxa4 44. Rc6 g5 45. Ne1 e4 46. Ng2 h5 47. h4 g4 48. Nf4 1-0


[Site "https://www.chess.com"]

[Event "Titled Tuesday Blitz December 20 Early 2022"]
[White "Nyambe, Maketo"]
[Black "Talcrifice"]
[WhiteFideId "8700915"]
[WhiteElo "2091"]
[BlackElo "2621"]
[Result "0-1"]
[Round "03"]
[TimeControl "180+2"]
[Date "2022.12.20"]
[WhiteClock "0:00:06"]
[BlackClock "0:01:02"]

1. e4 e5 2. Nf3 Nc6 3. Bb5 a6 4. Ba4 Nf6 5. O-O Be7 6. Re1 b5 7. Bb3 O-O 8. d3 d6 9. c3 Na5 10. Bc2 c5 11. Nbd2 Rb8 12. a3 h6 13. Nf1 Be6 14. b4 Nc6 15. Ng3 Re8 16. Bb2 a5 17. bxa5 Nxa5 18. Nh4 Bf8 19. Nhf5 g6 20. Ne3 Nc6 21. d4 cxd4 22. cxd4 exd4 23. Bxd4 Nxd4 24. Qxd4 Bg7 25. Rad1 Nd5 26. Qd3 Nc3 27. Rd2 Qa5 28. f4 Qxa3 29. f5 Ba2 30. fxg6 fxg6 31. Qxd6 Qxd6 32. Rxd6 Bf7 33. Rf1 Rbd8 34. Rxd8 Rxd8 35. e5 Bxe5 36. Ne4 Bd4 37. Kf2 Nd5 38. Re1 Nxe3 39. Rxe3 b4 40. Ke2 Bxe3 41. Kxe3 b3 42. Bb1 b2 43. Nd2 g5 44. g3 Kg7 45. h4 Bg6 46. hxg5 hxg5 47. Ba2 Rxd2 48. Kxd2 b1=Q 49. Bxb1 Bxb1 50. Ke3 Kf6 51. Kf3 Kf5 52. Ke3 Kg4 53. Kf2 Be4 54. Ke3 Bc6 55. Kf2 Bb7 56. Kf1 Kxg3 57. Kg1 Bc6 58. Kf1 Kh2 0-1


[Site "https://www.chess.com"]